 Dungeon Crawl Stone Soup version 0.28-a0-265-g048bc9fd10 (webtiles) character file.

Game seed: 15205265527920063389

631 tatocazan the Covert (level 7, -2/35 HPs)
             Began as a Spriggan Brigand on Aug 28, 2021.
             Slain by a hornet zombie (8 damage)
             ... on level 4 of the Dungeon.
             The game lasted 00:10:15 (7761 turns).

tatocazan the Covert (Spriggan Brigand)             Turns: 7761, Time: 00:10:16

Health: -2/35      AC:  2    Str:  7    XL:     7   Next: 24%
Magic:  8/8        EV: 22    Int: 13    God:
Gold:   229        SH:  0    Dex: 18    Spells: 6/6 levels left

rFire   + . .      SeeInvis +   a - +2 dagger
rCold   + . .      Faith    .   (shield restricted)
rNeg    . . .      Spirit   .   b - +0 robe
rPois   .          Reflect  .   (helmet restricted)
rElec   .          Harm     .   q - scarf {rC+ rF+}
rCorr   .          Rampage  .   (gloves unavailable)
Will    +....                   (boots unavailable)
Stlth   ++++......              (no amulet)
HPRegen 0.11/turn               s - +4 ring of evasion
MPRegen 0.11/turn               (no ring)

@: very quick
A: very small, no large weapons, unfitting armour, see invisible, speed 3
a: no special abilities


You were on level 4 of the Dungeon.
You visited 1 branch of the dungeon, and saw 6 of its levels.

You collected 229 gold pieces.

Inventory:

Hand Weapons
 a - a +2 dagger (weapon)
Missiles
 d - 7 poisoned darts
 e - a curare-tipped dart
 y - 5 atropa-tipped darts (quivered)
Armour
 b - a +0 robe (worn)
 c - a +0 cloak
 q - a scarf of resistance (worn)
Jewellery
 s - a +4 ring of evasion (left hand)
Scrolls
 f - a scroll of noise {unknown}
 i - 2 scrolls of identify
 j - 2 scrolls of torment {unknown}
 k - 2 scrolls of fog {unknown}
 l - a scroll of blinking {unknown}
 n - 2 scrolls of enchant armour {unknown}
 o - a scroll of vulnerability {unknown}
 x - 2 scrolls of teleportation {unknown}
Potions
 g - a potion of flight
 h - a potion of brilliance {unknown}
 m - 2 potions of curing
 r - a potion of lignification {unknown}
 t - 2 potions of heal wounds {unknown}
 u - a potion of invisibility {unknown}
 v - 2 potions of mutation {unknown}
 w - a potion of berserk rage {unknown}


   Skills:
 + Level 2.8 Fighting
 * Level 5.2 Short Blades
 + Level 3.3 Throwing
 + Level 3.8 Dodging
 * Level 8.9 Stealth


You had 6 spell levels left.
You didn't know any spells.
Your spell library contained the following spells:

 Spells                   Type           Power      Damage    Failure   Level
 Blink                    Tloc           N/A        N/A       43%         2
 Gell's Gravitas          Tloc           0%         N/A       67%         3
 Lesser Beckoning         Tloc           0%         N/A       67%         3
 Teleport Other           Tloc           0%         N/A       67%         3
 Manifold Assault         Tloc           0%         N/A       100%        5


Dungeon Overview and Level Annotations

Branches:
Dungeon (6/15)
 Temple: D:4-7

Altars:
Zin

Annotations:
D:6 Eustachio, Prince Ribbit


Innate Abilities, Weirdness & Mutations

You are very small and have problems with some larger weapons.
You are too small for most types of armour.
You have supernaturally acute eyesight. (SInv)
You cover ground extremely quickly. (Speed+++)


Message History

No target in view!
No target in view!
No target in view!
No target in view!
You catch the helpless hornet zombie completely off-guard!
You impale the hornet zombie!!
The hornet zombie is heavily damaged.
The hornet zombie hits you!
You take 11 damage, and have 24/35 hp.
MASSIVE DAMAGE!!
You hit the hornet zombie but do no damage.
The hornet zombie is heavily damaged.
The hornet zombie closely misses you.
You hit the hornet zombie.
The hornet zombie is heavily damaged.
The hornet zombie misses you.
You hit the hornet zombie but do no damage.
The hornet zombie is heavily damaged.
The hornet zombie hits you!
You take 13 damage, and have 11/35 hp.
MASSIVE DAMAGE!!
You are too injured to fight recklessly!
You are too injured to fight recklessly!
You hit the hornet zombie.
The hornet zombie is heavily damaged.
The hornet zombie completely misses you.
You hit the hornet zombie.
The hornet zombie is severely damaged.
The hornet zombie barely misses you.
You hit the hornet zombie.
The hornet zombie is severely damaged.
The hornet zombie misses you.
You completely miss the hornet zombie.
The hornet zombie is severely damaged.
The hornet zombie misses you.
You hit the hornet zombie.
The hornet zombie is severely damaged.
The hornet zombie hits you.
* * * LOW HITPOINT WARNING * * *
You take 6 damage, and have 5/35 hp.
The hornet zombie hits you!
You die...

###### ### #.....
############.####.####
#..>..................
#.#.##....##......####
#....@................
#.##.#Z##.......######
#.##............'#
#.#######.......##
####............#
#.####..##...# ####'##
##.##...####
#.....####.##...'..#
#.....'..#.##...##.#


You could see a hornet zombie.

Vanquished Creatures
  Sigmund (D:3)
  A shadow (D:6)
  A scorpion (D:4)
  A centaur zombie (D:4)
  An orc priest (D:3)
  An iguana (D:6)
  Jessica (D:3)
  6 adders
  A white imp (D:6)
  2 dart slugs (D:1)
  5 orcs
  5 endoplasms
  4 giant cockroaches
  5 goblins
  9 hobgoblins
  4 jackals
  2 quokkas
  6 ball pythons
  10 bats
  5 frilled lizards
  8 kobolds
  7 rats
86 creatures vanquished.

Notes
Turn   | Place    | Note
-------+----------+-------------------------------------------
     0 | D:1      | tatocazan the Spriggan Brigand began the quest for the Orb.
     0 | D:1      | Reached XP level 1. HP: 10/10 MP: 2/2
   485 | D:1      | Reached skill level 6 in Stealth
   558 | D:1      | Reached XP level 2. HP: 14/14 MP: 3/3
  1099 | D:1      | Found a faded altar of an unknown god.
  1392 | D:1      | Reached XP level 3. HP: 18/18 MP: 4/4
  2284 | D:2      | Reached XP level 4. HP: 23/23 MP: 5/5
  2942 | D:3      | Found a glowing silver altar of Zin.
  3020 | D:3      | Reached skill level 7 in Stealth
  3550 | D:3      | Noticed Sigmund
  4006 | D:4      | Noticed a scorpion
  4032 | D:4      | Killed a scorpion
  4033 | D:4      | Reached XP level 5. HP: 26/26 MP: 6/6
  4810 | D:3      | Noticed Jessica
  4824 | D:3      | Killed Jessica
  5008 | D:3      | Killed Sigmund
  5009 | D:3      | Reached skill level 8 in Stealth
  5009 | D:3      | Reached XP level 6. HP: 27/32 MP: 7/7
  6235 | D:5      | Entered Level 5 of the Dungeon
  6813 | D:6      | Noticed Prince Ribbit
  6845 | D:6      | Noticed a shadow
  6849 | D:6      | Killed a shadow
  6850 | D:6      | Reached skill level 5 in Short Blades
  6850 | D:6      | Reached XP level 7. HP: 35/35 MP: 8/8
  7515 | D:6      | Noticed Eustachio
  7761 | D:4      | Slain by a hornet zombie

Illustrated notes

Levels and vault maps discovered:
D:1:      ncdulo_halloftheorcs, layout_loops_ring,
          shapermc_ecumenical_altar_venn, st_stairs_11
D:2:      layout_rooms
D:3:      layout_basic, zin_treasury, uniq_sigmund, uniq_jessica
D:4:      layout_basic, uniq_pikel
D:5:      layout_loops_ring, minmay_temple_entry_stoned_glass,
          gammafunk_ghost_mausoleum
D:6:      layout_loops_corners, minmay_misc_feat_five, uniq_crazy_yiuf_cottage,
          uniq_prince_ribbit1, uniq_eustachio, uniq_maggie

Skill      XL: |  1  2  3  4  5  6 |
---------------+-------------------+-----
Stealth        | 6 7 8 |  8.9
Dodging        | 2 3 |  3.8
Short Blades   | 3 4 5 |  5.2
Fighting       | 2 |  2.8
Throwing       | 3 |  3.3

Action                   |  1- 3 |  4- 6 |  7- 9 || total
-------------------------+-------+-------+-------++-------
Melee: Dagger            |   142 |   195 |    56 ||   393
Throw: Dart              |     1 |    26 |     5 ||    32
  Use: Scroll            |       |       |     3 ||     3
 Stab: Sleeping          |    16 |     5 |       ||    21
       Distracted        |       |     1 |     1 ||     2
       Invisible         |       |       |     1 ||     1
Armor: Robe              |    12 |    23 |       ||    35
Dodge: Dodged            |    78 |   131 |    31 ||   240

Table legend: (Time is in decaauts)
 A = Elapsed time spent in this place.
 B = Non-inter-level travel time spent in this place.
 C = Inter-level travel time spent in this place.
 D = Time resting spent in this place.
 E = Time spent auto-exploring this place.
 F = Levels seen in this place.
 G = Mean time per level.
                   A        B        C        D        E       F      G
               +--------+--------+--------+--------+--------+-----+--------+
         Total |   6512 |   6360 |    152 |   3748 |   1665 |   6 | 1085.3 |
       Dungeon |   6512 |   6360 |    152 |   3748 |   1665 |   6 | 1085.3 |
               +--------+--------+--------+--------+--------+-----+--------+

Top non-repeatable levels by time:
     D:3: 1774 daAuts
     D:1: 1670 daAuts
     D:4: 1339 daAuts
     D:2: 984 daAuts
     D:6: 601 daAuts
     D:5: 143 daAuts
